 Dungeon Crawl Stone Soup version 0.17.1-3-g152610e (webtiles) character file.

2097 MrTails the Cleaver (level 9, -5/69 HPs)
             Began as a Demonspawn Gladiator on Feb 21, 2016.
             Was a Follower of Okawaru.
             Slain by an orc warrior
             ... wielding a +0 great mace
              (11 damage)
             ... on level 7 of the Dungeon.
             The game lasted 00:22:29 (7146 turns).

MrTails the Cleaver (Demonspawn Gladiator)          Turns: 7146, Time: 00:22:29

Health: -5/69      AC: 19    Str: 18    XL:     9   Next: 7%
Magic:  7/9        EV:  9    Int: 10    God:    Okawaru [*.....]
Gold:   377        SH:  0    Dex: 14    Spells: 0 memorised, 8 levels left

rFire  . . .     SeeInvis .     m - +4 hand axe (chop)
rCold  + . .     Clarity  .     y - +0 plate armour
rNeg   . . .     SustAt   .     (no shield)
rPois  +         Gourm    .     (helmet restricted)
rElec  .         Spirit   .     f - +0 cloak
rCorr  .         Warding  .     (no gloves)
rMut   .         Stasis   .     b - +0 pair of boots
MR     .....                    z - amulet of inaccuracy (curse)
Stlth  ..........               (no ring)
                                A - ring of poison resistance

@: about to teleport, heroism, not resistant to hostile enchantments, extremely
unstealthy
A: antennae 1, thin metallic scales 1, cold resistance 1, nightstalker 1
a: Heroism, Renounce Religion


You were on level 7 of the Dungeon.
You worshipped Okawaru.
Okawaru was aware of your devotion.
You were hungry.

You visited 2 branches of the dungeon, and saw 8 of its levels.

You collected 377 gold pieces.

Inventory:

Hand Weapons
 a - a +0 war axe
 m - a +4 hand axe of chopping (weapon)
Missiles
 d - 3 throwing nets (quivered)
Armour
 b - a +0 pair of boots (worn)
 c - a +0 helmet
 f - a +0 cloak (worn)
 y - a +0 plate armour (worn)
Jewellery
 z - a cursed amulet of inaccuracy (around neck)
 A - a ring of poison resistance (left hand)
Wands
 v - a wand of fire (12)
Scrolls
 g - 4 scrolls of identify
 n - a scroll of blinking {unknown}
 t - 2 scrolls of recharging
Potions
 h - 5 potions of heal wounds
 j - 5 potions of curing {unknown}
 k - a potion of agility {unknown}
 l - 2 potions of cancellation {unknown}
 o - a potion of might {unknown}
 q - 2 potions of haste {unknown}
 r - a potion of flight {unknown}
 u - 2 potions of brilliance {unknown}
 w - a potion of invisibility {unknown}
Books
 x - a book of the Sky

   Spells                             Type                      Level
   a - Summon Lightning Spire         Summoning/Air                4
   b - Airstrike                      Air                          4
   c - Silence                        Hexes/Air                    5
   d - Deflect Missiles               Charms/Air                   6
   e - Conjure Ball Lightning         Conjuration/Air              6
   f - Tornado                        Air                          9
Comestibles
 e - 5 bread rations
 i - 2 royal jellies
 s - 2 meat rations
 B - 5 chunks of flesh


   Skills:
 + Level 6.2(11.2) Fighting
 * Level 8.1(13.1) Axes
 - Level 1.7(6.7) Throwing
 + Level 5.4(10.4) Armour
 - Level 2.8(7.8) Dodging


You had 8 spell levels left.
You didn't know any spells.

Dungeon Overview and Level Annotations

Branches:
Dungeon (7/15)             Temple (1/1) D:5

Altars:
Cheibriados
Dithmenos
Elyvilon
Fedhas
Kikubaaqudgha
Makhleb
Nemelex Xobeh
Okawaru
Qazlal
Sif Muna
Trog
Vehumet
Xom
Yredelemnul
Zin
The Shining One

Shops:
D:5 =   D:6 =


Innate Abilities, Weirdness & Mutations

You have a pair of small antennae on your head.
You are partially covered in thin metallic scales (AC +2).
Your flesh is cold resistant.
You are slightly more attuned to the shadows.


Message History

The orc warrior hits you with a great mace!
* * * LOW HITPOINT WARNING * * *
The orc wizard gestures wildly while chanting.
The orc wizard flickers and vanishes!
Deactivating autopickup; reactivate with Ctrl-A.
The quokka barely misses you.
You miss the orc warrior.
The orc warrior is moderately wounded.
You barely miss the quokka.
The quokka is heavily wounded.
You miss the orc.
The orc is heavily wounded.
The orc priest hits you from afar with a trident.
* * * LOW HITPOINT WARNING * * *
The orc hits you but does no damage.
An adder comes into view.
As you read the scroll of teleportation, it crumbles to dust.
You feel strangely unstable. The quokka closely misses you.
The orc warrior hits you with a great mace!
You die...

.....##########
..............##
#####..........#
#######....## ##....#
###.....# ###.......#
##.))......## .# #
###...)##...o@####....
####..^.#####.oor{o.S..._
.......## #>..ohh......
......## #..........._.
....(.# #.............
#..<..## #...###....#./.
.......# ...# ##..##...
.......... .# #..# ..
..........


You could see an orc warrior, an orc priest, an adder, 3 orcs, a quokka and 2
jackals.

Vanquished Creatures
  2 ice beasts (D:5)
  A phantom (D:4)
  3 ogres
  An orc warrior (D:5)
  2 centaurs (D:5)
  2 giant frogs
  2 scorpions
  3 crimson imps
  A jelly (D:6)
  A giant frog zombie (D:5)
  2 hounds (D:6)
  A giant frog skeleton (D:4)
  4 orc priests
  5 orc wizards
  Crazy Yiuf (D:3)
  Jessica (D:2)
  Terence (D:2)
  An iguana (D:4)
  9 worker ants
  2 hound skeletons (D:4)
  3 gnolls (D:6)
  8 adders
  3 oozes
  3 worms
  3 adder skeletons
  6 giant geckos
  32 orcs
  6 giant cockroaches
  7 hobgoblins
  9 kobolds
  2 quokkas (D:3)
  6 bats
  4 giant newts
  3 goblins
  11 jackals
  10 rats
161 creatures vanquished.

Notes
Turn   | Place    | Note
--------------------------------------------------------------
     0 | D:1      | MrTails the Demonspawn Gladiator began the quest for the Orb.
     0 | D:1      | Reached XP level 1. HP: 16/16 MP: 1/1
   193 | D:1      | Gained mutation: You are partially covered in thin metallic scales (AC +2). [demonic ancestry]
   193 | D:1      | Reached XP level 2. HP: 13/22 MP: 2/2
   362 | D:1      | Reached skill level 3 in Axes
   993 | D:1      | Reached XP level 3. HP: 28/28 MP: 3/3
  1099 | D:2      | Found a faded altar to an unknown god.
  1100 | D:2      | Noticed Jessica
  1104 | D:2      | Reached skill level 1 in Armour
  1110 | D:2      | Killed Jessica
  1117 | D:2      | Noticed Terence
  1143 | D:2      | Killed Terence
  1143 | D:2      | Gained mutation: Your flesh is cold resistant. [demonic ancestry]
  1143 | D:2      | Reached XP level 4. HP: 26/34 MP: 4/4
  1405 | D:2      | Reached skill level 4 in Axes
  1584 | D:2      | Reached XP level 5. HP: 22/41 MP: 5/5
  1946 | D:3      | Reached XP level 6. HP: 32/47 MP: 6/6
  2184 | D:3      | Reached skill level 5 in Axes
  2632 | D:3      | Noticed Crazy Yiuf
  2641 | D:3      | Killed Crazy Yiuf
  3069 | D:4      | Reached XP level 7. HP: 50/54 MP: 7/7
  3418 | D:4      | Reached skill level 6 in Axes
  3881 | D:5      | Entered Level 5 of the Dungeon
  4103 | D:5      | Gained mutation: You are slightly more attuned to the shadows. [demonic ancestry]
  4103 | D:5      | Reached XP level 8. HP: 51/61 MP: 8/8
  4111 | D:5      | Reached skill level 5 in Fighting
  4134 | D:5      | Found a radiant altar of Vehumet.
  4134 | D:5      | Found a snail-covered altar of Cheibriados.
  4246 | D:5      | Reached skill level 7 in Axes
  4880 | D:5      | Found Ripso's Jewellery Boutique.
  4899 | D:5      | Found a staircase to the Ecumenical Temple.
  4927 | Temple   | Entered the Ecumenical Temple
  5054 | Temple   | Became a worshipper of Warmaster Okawaru
  5381 | D:5      | Reached skill level 5 in Armour
  6446 | D:6      | Found Leleh's Jewellery Shoppe.
  6598 | D:6      | Gained mutation: You have a pair of small antennae on your head. [demonic ancestry]
  6598 | D:6      | Reached XP level 9. HP: 69/69 MP: 9/9
  6809 | D:6      | Reached skill level 8 in Axes
  7005 | D:7      | Reached * piety under Okawaru
  7117 | D:7      | Found a glowing golden altar of the Shining One.
  7118 | D:7      | Found a stormy altar of Qazlal.
  7146 | D:7      | Slain by an orc warrior

Action                   |  1- 3 |  4- 6 |  7- 9 || total
-------------------------+-------+-------+-------++-------
Melee: War axe           |   111 |     1 |       ||   112
       Hand axe          |       |   136 |   348 ||   484
Invok: Heroism           |       |       |     1 ||     1
  Use: Scroll            |       |     3 |     5 ||     8
  Eat: Chunk             |     1 |     6 |     8 ||    15
       Meat ration       |       |       |     1 ||     1
